 Dungeon Crawl Stone Soup version 0.18-a0-844-g9229740 (webtiles) character file.

268 M4edhros the Sneak (level 6, 0/38 HPs)
             Began as an Octopode Artificer on Dec 18, 2015.
             Succumbed to an adder's poison
             ... on level 4 of the Dungeon.
             The game lasted 00:04:05 (2836 turns).

M4edhros the Sneak (Octopode Artificer)             Turns: 2836, Time: 00:04:05

Health: 0/38       AC:  1    Str: 10    XL:     6   Next: 21%
Magic:  18/18      EV:  8    Int: 17    God:
Gold:   104        SH: 11    Dex: 12    Spells: 0 memorised, 5 levels left

rFire  . . .     SeeInvis .     a - +0 short sword
rCold  . . .     Gourm    .     h - +0 large shield
rNeg   . . .     Faith    .     (helmet restricted)
rPois  .         Spirit   .     p - amulet of resist corrosion
rElec  .         Dismiss  .     g - ring of magical power
rCorr  +         Reflect  .     o - ring of sustain attributes
SustAt +         Harm     .     (no ring)
MR     .....                    (no ring)
Stlth  ++++......               (no ring)
                                (no ring)
                                (no ring)
                                (no ring)

@: lethally poisoned (0 -> -8), not resistant to hostile enchantments, stealthy
A: almost no armour, amphibious, 8 rings, constrict 8, camouflage 1, gelatinous
body 1
a: no special abilities


You were on level 4 of the Dungeon.
You were not hungry.

You visited 1 branch of the dungeon, and saw 4 of its levels.

You collected 104 gold pieces.

Inventory:

Hand Weapons
 a - a +0 short sword (weapon)
 j - a +0 hunting sling
Missiles
 i - 77 stones (quivered)
 k - 41 sling bullets
Armour
 h - a +0 large shield (worn)
Jewellery
 g - a ring of magical power (left tentacle)
 o - a ring of sustain attributes (right tentacle)
 p - an amulet of resist corrosion (around mantle)
Wands
 b - a wand of flame (9)
 c - a wand of enslavement (12)
 d - a wand of random effects (12)
 n - a wand of digging (7)
Scrolls
 e - 2 scrolls of identify {unknown}
 l - a scroll of teleportation {unknown}
 m - a scroll of remove curse
 r - 2 scrolls of blinking {unknown}
 s - a scroll of amnesia {unknown}
Comestibles
 f - 2 bread rations


   Skills:
 - Level 1.0 Fighting
 - Level 1.0 Short Blades
 * Level 2.6 Slings
 * Level 3.3 Dodging
 * Level 4.3 Stealth
 * Level 2.1 Shields
 + Level 4.1 Evocations


You had 5 spell levels left.
You didn't know any spells.

Dungeon Overview and Level Annotations

Branches:
Dungeon (4/15)
 Temple: D:4-7

Altars:
Elyvilon
Yredelemnul


Innate Abilities, Weirdness & Mutations

You cannot wear most types of armour.
You are amphibious.
You can wear up to eight rings at the same time.
You can use your tentacles to constrict eight enemies at once.
Your skin changes colour to match your surroundings (Stealth).
Your rubbery body absorbs attacks (AC +1).


Message History

* * * LOW HITPOINT WARNING * * *
You feel sick.
* * * LOW HITPOINT WARNING * * *
You feel sick.
* * * LOW HITPOINT WARNING * * *
You feel sick.
* * * LOW HITPOINT WARNING * * *
You feel sick.
* * * LOW HITPOINT WARNING * * *
You feel sick.
* * * LOW HITPOINT WARNING * * *
You feel sick.
* * * LOW HITPOINT WARNING * * *
You feel sick.
You aren't carrying any potions.
Sorry, you're not good enough to have a special ability.
Read which item? (? for menu, Esc to quit)
As you read the scroll labeled FOEGGE CUXT, it crumbles to dust.
You feel blessed for a moment.
It was a scroll of remove curse.
You die...

#.##.....## #+#
#.#.......##.
#............ #
###..........
#.####...........
#................
###.......##....
#.##.#### ...
#@#### .. #.# #.#
#### #+# #.# ..#
#.# #.#
####.###.# #.#
.....##.### .#.
####..#...## # #
#...........
#.##..#...##


There were no monsters in sight!

Vanquished Creatures
  Ijyb (D:2)
  2 orc wizards (D:3)
  An iguana (D:3)
  A worker ant (D:4)
  3 gnolls (D:4)
  4 adders
  A shadow imp (D:3)
  An adder skeleton (D:4)
  4 worms
  A giant gecko (D:1)
  5 orcs (D:3)
  7 bats
  2 giant cockroaches
  7 hobgoblins
  2 jackals (D:4)
  3 kobolds
  A quokka (D:2)
  3 giant newts
  4 goblins
  3 rats (D:2)
56 creatures vanquished.

Vanquished Creatures (collateral kills)
  5 orcs (D:3)
5 creatures vanquished.

Vanquished Creatures (others)
  An orc wizard (D:3)
  A gnoll (D:4)
2 creatures vanquished.

Grand Total: 63 creatures vanquished

Notes
Turn   | Place    | Note
--------------------------------------------------------------
     0 | D:1      | M4edhros the Octopode Artificer began the quest for the Orb.
     0 | D:1      | Reached XP level 1. HP: 13/13 MP: 3/3
   128 | D:1      | Reached XP level 2. HP: 13/18 MP: 4/4
   633 | D:2      | Reached XP level 3. HP: 23/23 MP: 5/5
   670 | D:2      | Found a basalt altar of Yredelemnul.
  1155 | D:2      | Noticed Ijyb
  1161 | D:2      | Killed Ijyb
  1161 | D:2      | Reached skill level 1 in Shields
  1161 | D:2      | Reached XP level 4. HP: 25/28 MP: 6/6
  1521 | D:3      | Reached skill level 1 in Slings
  1808 | D:3      | Reached XP level 5. HP: 8/33 MP: 7/7
  1829 | D:3      | Reached skill level 4 in Evocations
  2390 | D:4      | Reached XP level 6. HP: 35/38 MP: 9/9
  2456 | D:4      | Found a white marble altar of Elyvilon.
  2834 | D:4      | HP: 1/38 [poisoned by an adder]
  2836 | D:4      | Succumbed to an adder's poison

Vault maps used:
D:1:      minmay_arrival_doors, kennysheep_another_room
D:2:      lemuel_coloured_pillars_altar, ecumenical_altar_1, st_stairs_7,
          uniq_iyjb
D:3:      first_bread
D:4:      elyvilon_altar_4

Action                   |  1- 3 |  4- 6 || total
-------------------------+-------+-------++-------
Melee: Short sword       |    52 |    72 ||   124
Evoke: Wand              |     3 |     9 ||    12
  Use: Scroll            |       |     1 ||     1
       Potion            |       |     1 ||     1
 Stab: Sleeping          |    12 |     4 ||    16
  Eat: Chunk             |       |     6 ||     6
